cohdb
Replays
Latest Replays
All Replays
Popular Replays
Top Player Replays
Match Explorer
How It Works
Community
CoH3 Stats
Reddit
Sign in to upload your games and track your stats! →
Sign in with Steam
Match 45945628
Unlisted
Match 45945628
Overview
Messages
Build Orders
End
Selects Airborne Battlegroup
Selects Airborne Battlegroup
Selects Heavy Machine Gun Paradrop
Heavy Machine Gun Paradrop
Construct Weapon Support Center
Bazooka Squad
Heavy Machine Gun Paradrop
Selects Paratrooper Squad Paradrop
Paratrooper Squad Paradrop
Paratrooper Squad Paradrop
Paratrooper Squad Paradrop
Infantry Support Center
Selects Anti-tank Gun Team Paradrop
Anti-tank Gun Team Paradrop
Advanced Logistics
Paratrooper Squad Paradrop
Selects Recon Loiter
Selects Supply Drop
Survival Training
Recon Loiter
Demolitions Package
Munitions Surplus
2nd infantry division
PIZZADAYO
Implacable
또황챠
Kampfstärke
YSMZ 115
the.dolfini
不会玩游戏只会起盖子
0
0
Comments
sign in to comment!
No comments posted yet!